 Dungeon Crawl Stone Soup version 0.15.2 (webtiles) character file.

100 striepan the Slasher (level 4, -10/39 HPs)
             Began as a Minotaur Fighter on Dec 21, 2014.
             Mangled by an orc warrior
             ... wielding a +3 trident
              (16 damage)
             ... on Level 2 of the Dungeon.
             The game lasted 00:04:39 (1401 turns).

striepan the Slasher (Minotaur Fighter)             Turns: 1401, Time: 00:04:39

HP -10/39        AC  6     Str 20      XL: 4   Next: 47%
MP   2/2         EV  6     Int  5      God:
Gold 92          SH  9     Dex 11      Spells:  0 memorised,  3 levels left

rFire  . . .     SeeInvis .     a - +0 long sword
rCold  . . .     Clarity  .     b - +0 scale mail
rNeg   . . .     rCorr    .     c - +0 shield
rPois  .         rRot     .     (helmet restricted)
rElec  .         Spirit   .     (no cloak)
SustAb .         Warding  .     (no gloves)
rMut   .         Stasis   .     (no boots)
Gourm  .                        (no amulet)
MR     .....                    (no ring)
                                (no ring)

@: not resistant to hostile enchantments, extremely unstealthy
A: retaliatory headbutt, horns 2
a: no special abilities


You were on level 2 of the Dungeon.
You were not hungry.

You visited 1 branch of the dungeon, and saw 2 of its levels.

You collected 92 gold pieces.

Inventory:

Hand weapons
 a - a +0 long sword (weapon)
Armour
 b - a +0 scale mail (worn)
 c - a +0 shield (worn)
 g - a +0 plate armour
Comestibles
 d - 3 bread rations
 n - a rotting chunk of jackal flesh
 p - a beef jerky
Scrolls
 h - a scroll of enchant weapon {unknown}
 k - a scroll of magic mapping {unknown}
 m - a scroll of teleportation {unknown}
 o - a scroll of enchant armour {unknown}
Potions
 e - a potion of might
 f - 2 potions of magic {unknown}
 i - a potion of resistance {unknown}
 j - a potion of agility {unknown}
 l - a potion of curing {unknown}


   Skills:
 - Level 3.6 Fighting
 + Level 5.8 Long Blades
 - Level 3.6 Armour
 - Level 3.6 Shields


You had 3 spell levels left.
You didn't know any spells.

Dungeon Overview and Level Annotations

Branches:
Dungeon (2/15)

Altars:
Kikubaaqudgha
Makhleb


Innate Abilities, Weirdness & Mutations

You reflexively headbutt those who attack you in melee.
You have a pair of horns on your head.


Message History

This raw flesh tastes terrible.
You continue eating. x2
You open the door.
There is an open door here.
You now have 92 gold pieces (gained 10).
There is an open door here.
Done exploring.
Done exploring.
Found an ancient bone altar of Kikubaaqudgha.
Found a burning altar of Makhleb.
An orc warrior comes into view. It is wielding a runed trident.
The orc warrior shouts!
The orc warrior hits you from afar with a runed trident.
The orc warrior hits you with a runed trident!
You hit the orc warrior.
The orc warrior is lightly wounded.
The orc warrior hits you with a runed trident!
* * * LOW HITPOINT WARNING * * *
The orc warrior hits you from afar with a runed trident!
You die...

######.#+# ##_## #..##...
#########.#.##8...8. . #..##.##
..........#.##.........###..##.##
..........#.#8.........>#........
..........#.##.........##........
..........#.##8...8...8##....≈≈≈.
..........#.# ##_## 8# ##...≈≈≈.
..........#.##############...≈≈≈.
.....%..........@.o..........≈≈≈.
..........#.##.######.##......8..
..........#.##...<........#......
..........#.##..#...........%....
...................#####.####....
.......)#.#.##..#...........+....
.......[#.#.##..##..####.####....
........#(.......................
........###.#######.####.########


You could see an orc warrior.

Vanquished Creatures
  2 adders (D:2)
  A giant mite (D:2)
  3 worms (D:2)
  2 giant geckos (D:2)
  A ball python (D:1)
  3 bats (D:2)
  3 giant cockroaches
  7 hobgoblins
  2 jackals (D:2)
  2 quokkas (D:2)
  3 giant newts
  14 goblins
  5 kobolds
  5 rats
  A toadstool (D:1)
54 creatures vanquished.

Vanquished Creatures (others)
  3 toadstools (D:1)
3 creatures vanquished.

Grand Total: 57 creatures vanquished

Notes
Turn   | Place    | Note
--------------------------------------------------------------
     0 | D:1      | striepan, the Minotaur Fighter, began the quest for the Orb.
     0 | D:1      | Reached XP level 1. HP: 19/19 MP: 1/1
   104 | D:1      | Reached XP level 2. HP: 26/26 MP: 1/1
   255 | D:1      | Reached skill level 4 in Long Blades
   557 | D:2      | Reached XP level 3. HP: 31/31 MP: 2/2
  1017 | D:2      | Reached skill level 5 in Long Blades
  1027 | D:2      | Reached XP level 4. HP: 35/39 MP: 2/2
  1384 | D:2      | Found an ancient bone altar of Kikubaaqudgha.
  1386 | D:2      | Found a burning altar of Makhleb.
  1395 | D:2      | Noticed an orc warrior
  1401 | D:2      | Mangled by an orc warrior

Action                   |  1- 3 |  4- 6 || total
-------------------------+-------+-------++-------
Melee: Long sword        |   114 |    37 ||   151
  Eat: Chunk             |       |     2 ||     2
